 Dungeon Crawl Stone Soup version 0.29.0-4-gdea44cf6ec (webtiles) character file.

Game seed: 546323632394635641

14396 qw the Cleaver (level 12, -11/95 HPs)
             Began as a Formicid Cinder Acolyte on Sept 3, 2022.
             Was an Initiate of Ignis.
             Killed from afar by an oklob plant (25 damage)
             ... with a splash of acid
             ... on level 3 of the Lair of Beasts.
             The game lasted 00:07:00 (15136 turns).

qw the Cleaver (Formicid Cinder Acolyte)           Turns: 15136, Time: 00:07:01

Health: -11/95     AC:  0    Str: 27 (28) XL:     12   Next: 44%
Magic:  13/13      EV:  7    Int: 16      God:    Ignis [......]
Gold:   575        SH: 11    Dex:  9      Spells: 13/13 levels left

rFire   + . .      SeeInvis +   Y - +3 war axe (flame)
rCold   . . .      Faith    .   a - +0 kite shield
rNeg    . . .      Spirit   .   l - +0 plate armour
rPois   .          Reflect  .   (helmet unavailable)
rElec   .          Harm     .   (no cloak)
rCorr   .          Rampage  .   (no gloves)
Will    +....                   k - +1 pair of boots
Stlth   ..........              (no amulet)
HPRegen 0.25/turn               b - +6 ring of strength
MPRegen 0.13/turn               (no ring)

@: corroded
A: permanent stasis, dig shafts and tunnels, antennae 3, four strong arms,
deterioration 1, wild magic 1
a: Dig, Shaft Self, Renounce Religion, Rising Flame


You were on level 3 of the Lair of Beasts.
You worshipped Ignis.
Ignis was noncommittal.
You visited 2 branches of the dungeon, and saw 11 of its levels.

You collected 679 gold pieces.
You spent 104 gold pieces at shops.


Innate Abilities, Weirdness & Mutations

You cannot be hasted, slowed, berserked, paralysed or teleported.
You can dig through walls and to a lower floor.
You have a pair of large antennae on your head. (SInv)
Your four strong arms can wield two-handed weapons with a shield.
Your body sometimes deteriorates upon taking damage.
Your spells are a little harder to cast, but a little more powerful.


   Skills:
 - Level 9.0 Fighting
 + Level 13.5 Axes
 - Level 4.0 Throwing
 - Level 7.2 Armour
 - Level 2.3 Dodging
 - Level 11.0 Shields
 - Level 1.1 Spellcasting
 - Level 3.0 Fire Magic


You had 13 spell levels left.
You didn't know any spells.
Your spell library contained the following spells:

 Spells                   Type           Power      Damage    Failure   Level
 Scorch                   Fire           26%        2d6       92%         2

Inventory:

Hand Weapons
 Y - a +3 war axe of flaming (weapon)
Missiles
 i - 3 boomerangs (quivered)
Armour
 a - a +0 kite shield (worn)
 k - a +1 pair of boots (worn)
 l - a +0 plate armour (worn)
Jewellery
 b - a +6 ring of strength (left hand)
Scrolls
 f - 5 scrolls of identify
Potions
 d - 5 potions of curing
 g - a potion of mutation
 h - a potion of might

Dungeon Overview and Level Annotations

Branches:
Dungeon (8/15)             Temple (0/1) D:5            Lair (3/5) D:8
 Spider (0/4) Lair:3
  Swamp: Lair:2-3    Shoals: Lair:2-3

Altars:
Cheibriados
Fedhas
Nemelex Xobeh
Okawaru
Yredelemnul
The Shining One

Shops:
D:3 ?

Annotations:
D:6 2 transporters, qw's ghost, novice TrCA
D:8 2 transporters, qw's ghost, novice TeWr
Lair:2 1 runed translucent door, qw's ghost, journeyman TrCA


Message History

You kill the basilisk!
You start resting.
HP restored.
You see here a yak skeleton.
Found an escape hatch in the ceiling.
Enter note:
Enter note:
Enter note:
f - 5 scrolls of identify (gained 1)
c - a scroll of enchant armour
15127 ||| READING scroll of enchant armour.
As you read the scroll of enchant armour, it crumbles to dust.
Your +0 pair of boots glows green for a moment.
15127 ||| ENCHANTING +0 pair of boots. 2 oklob plants come into view.
Found a dagger.
The oklob plant spits acid at you. You block the splash of acid.
Enter note:
Enter note:
Enter note: The oklob plant spits acid at you.
The splash of acid hits you. The acid corrodes you!
Enter note:
Enter note:
Enter note:
Found steam dragon scales.
The oklob plant spits acid at you. The splash of acid hits you!
Your body deteriorates!
You feel weakened. The acid corrodes you! The oklob plant spits acid at you.
The splash of acid hits you!! The oklob plant spits acid at you.
The splash of acid hits you!! The acid corrodes you!
The oklob plant spits acid at you. The splash of acid hits you!
The acid corrodes you! The oklob plant spits acid at you.
The splash of acid hits you!!
You die...

........%%#.....<......# #......
........................ #......(
.........)............#....$.....
...................$.............
..........#............#.........
......................####.......
.............(.(.......# ##......
.........#.............. .##.#.
.?..............@....... #...
#.#).......PP..... ..
##.$...........[.
#....$..P.P......
#.......P.P..... #..............
##............. ##............
#### ### #......#


You could see 4 oklob plants.

Vanquished Creatures
  A deep elf pyromancer (D:8)
  3 elephants (Lair:3)
  A torpor snail (Lair:3)
  A black mamba (Lair:3)
  5 cane toads
  2 komodo dragons
  9 blink frogs
  5 wyverns
  19 yaks
  2 steam dragons
  A basilisk (Lair:3)
  6 water moccasins
  4 orc warriors (D:7)
  2 ice beasts
  A sky beast (D:6)
  An ogre (D:6)
  A centaur (D:7)
  2 kobold brigands
  5 necrophages
  12 bullfrogs
  4 scorpions (Lair:3)
  2 elf skeletons (D:7)
  5 wights
  4 killer bees (D:7)
  5 howler monkeys (D:7)
  3 human zombies (D:7)
  5 hounds
  4 orc priests
  A gnoll bouda (D:6)
  5 jellies
  Natasha (thrice) (D:3)
  A human skeleton (D:7)
  3 iguanas
  5 orc wizards
  8 gnolls
  8 river rats (D:5)
  10 adders
  3 shadow imps
  2 white imps
  2 ufetubi
  2 worms
  7 dart slugs
  37 orcs
  9 ball pythons
  6 bats
  10 endoplasms
  9 giant cockroaches
  10 goblins
  9 hobgoblins
  2 jackals (D:4)
  19 kobolds
  10 quokkas
  A frilled lizard (D:2)
  20 rats
  A butterfly (Lair:3)
318 creatures vanquished.

Vanquished Creatures (others)
  4 fungi
  20 plants
24 creatures vanquished.

Grand Total: 342 creatures vanquished

Notes
Turn   | Place    | Note
-------+----------+-------------------------------------------
     0 | D:1      | qw the Formicid Cinder Acolyte began the quest for the Orb.
     0 | D:1      | Reached XP level 1. HP: 18/18 MP: 2/2
     0 | D:1      | 0 ||| qw: Version: 0.1-a-102-g441f92d
     0 | D:1      | 0 ||| qw: Game counter: 5144
     0 | D:1      | 0 ||| qw: Always use a shield: true
     0 | D:1      | 0 ||| qw: God list: Okawaru
     0 | D:1      | 0 ||| qw: Allow faded altars: false
     0 | D:1      | 0 ||| qw: Do Orc after D:15 true
     0 | D:1      | 0 ||| qw: Do second Lair branch before Depths: true
     0 | D:1      | 0 ||| qw: Lair rune preference: random
     0 | D:1      | 0 ||| qw: Plans: Normal
     0 | D:1      | 0 ||| PLANNING D:1-11
    20 | D:1      | 20 ||| Stepping ~*~*~tactically~*~*~ (stealth).
    54 | D:1      | 54 ||| Stepping ~*~*~tactically~*~*~ (stealth).
    55 | D:1      | 55 ||| Stepping ~*~*~tactically~*~*~ (stealth).
    80 | D:1      | 80 ||| Stepping ~*~*~tactically~*~*~ (stealth).
    81 | D:1      | 81 ||| Stepping ~*~*~tactically~*~*~ (stealth).
    87 | D:1      | 87 ||| Stepping ~*~*~tactically~*~*~ (hiding).
   107 | D:1      | Reached XP level 2. HP: 16/24 MP: 3/3
   384 | D:1      | 384 ||| Stepping ~*~*~tactically~*~*~ (hiding).
   486 | D:1      | 486 ||| Stepping ~*~*~tactically~*~*~ (hiding).
   554 | D:1      | Reached skill level 4 in Axes
   554 | D:1      | Reached XP level 3. HP: 29/29 MP: 4/4
   683 | D:1      | 683 ||| Stepping ~*~*~tactically~*~*~ (hiding).
   684 | D:1      | 684 ||| Stepping ~*~*~tactically~*~*~ (hiding).
   763 | D:1      | Reached skill level 1 in Dodging
  1033 | D:1      | 1033 ||| Stepping ~*~*~tactically~*~*~ (stealth).
  1034 | D:1      | 1034 ||| Stepping ~*~*~tactically~*~*~ (stealth).
  1035 | D:1      | 1035 ||| Stepping ~*~*~tactically~*~*~ (stealth).
  1037 | D:1      | 1037 ||| Stepping ~*~*~tactically~*~*~ (stealth).
  1155 | D:1      | Found a faded altar of an unknown god.
  1412 | D:1      | 1412 ||| UPGRADING to +0 ring mail.
  1422 | D:1      | 1422 ||| DROPPING +0 robe.
  1423 | D:1      | 1423 ||| READING scroll labelled ICEIR KEPNICH.
  1424 | D:1      | 1424 ||| READING scroll labelled MULEPL EQOLES.
  1425 | D:1      | 1425 ||| READING scroll labelled PETSUNG VOCZE.
  1695 | D:2      | Reached skill level 1 in Armour
  1695 | D:2      | Reached XP level 4. HP: 27/35 MP: 5/5
  2672 | D:2      | Reached XP level 5. HP: 41/41 MP: 6/6
  2755 | D:2      | 2755 ||| UPGRADING to +0 chain mail.
  2765 | D:2      | 2765 ||| DROPPING +0 ring mail.
  2766 | D:2      | 2766 ||| UPGRADING to +6 ring of strength.
  2767 | D:2      | 2767 ||| READING scroll labelled IRAIGO RACRAOB.
  2768 | D:2      | 2768 ||| DRINKING 2 bubbling emerald potions.
  2804 | D:3      | Noticed Natasha
  2810 | D:3      | Killed Natasha
  2811 | D:3      | Reached skill level 5 in Axes
  2944 | D:3      | 2944 ||| Stepping ~*~*~tactically~*~*~ (stealth).
  3008 | D:3      | 3008 ||| Stepping ~*~*~tactically~*~*~ (hiding).
  3025 | D:3      | 3025 ||| INVOKING Fiery Armour.
  3239 | D:3      | Noticed Natasha
  3257 | D:3      | 3257 ||| INVOKING Fiery Armour.
  3259 | D:3      | Killed Natasha
  3260 | D:3      | Reached XP level 6. HP: 23/47 MP: 7/7
  3290 | D:3      | Noticed Natasha
  3291 | D:3      | 3291 ||| Stepping ~*~*~tactically~*~*~ (stealth).
  3299 | D:3      | 3299 ||| Stepping ~*~*~tactically~*~*~ (stealth).
  3302 | D:3      | Killed Natasha
  3303 | D:3      | Reached skill level 6 in Axes
  3666 | D:3      | Found Ilyohikoso's Magic Scroll Emporium.
  3674 | D:3      | 3674 ||| BUYING scroll of enchant weapon (82 gold).
  3674 | D:3      | Bought a scroll of enchant weapon for 82 gold pieces
  3674 | D:3      | 3674 ||| BUYING scroll of identify (22 gold).
  3674 | D:3      | Bought a scroll of identify for 22 gold pieces
  3674 | D:3      | 3674 ||| SWAPPING to +0 war axe.
  3675 | D:3      | 3675 ||| READING scroll of enchant weapon.
  3675 | D:3      | 3675 ||| ENCHANTING +0 war axe.
  3692 | D:3      | 3692 ||| Stepping ~*~*~tactically~*~*~ (stealth).
  3857 | D:3      | 3857 ||| INVOKING Fiery Armour.
  4071 | D:3      | 4071 ||| DROPPING scarf of shadows.
  4072 | D:3      | 4072 ||| READING scroll labelled HEZABU DUOLEUL.
  4073 | D:3      | 4073 ||| READING 2 scrolls of identify.
  4073 | D:3      | 4073 ||| IDENTIFYING bubbling black potion
  4074 | D:3      | 4074 ||| DROPPING potion of lignification.
  4092 | D:4      | 4092 ||| STAIRDANCE
  4129 | D:4      | 4129 ||| Stepping ~*~*~tactically~*~*~ (hiding).
  4197 | D:4      | 4197 ||| Stepping ~*~*~tactically~*~*~ (stealth).
  4199 | D:4      | 4199 ||| Stepping ~*~*~tactically~*~*~ (stealth).
  4296 | D:4      | Reached XP level 7. HP: 38/54 MP: 8/8
  4320 | D:4      | 4320 ||| FLEEEEING.
  4321 | D:4      | 4321 ||| FLEEEEING.
  4322 | D:4      | 4322 ||| FLEEEEING.
  4323 | D:4      | 4323 ||| FLEEEEING.
  4324 | D:4      | 4324 ||| FLEEEEING.
  4333 | D:4      | 4333 ||| STAIRDANCE
  4568 | D:4      | 4568 ||| Stepping ~*~*~tactically~*~*~ (stealth).
  4576 | D:4      | Reached skill level 7 in Axes
  4907 | D:4      | Found a blossoming altar of Fedhas.
  5015 | D:4      | Found a glowing golden altar of the Shining One.
  5163 | D:4      | Found a snail-covered altar of Cheibriados.
  5164 | D:4      | 5164 ||| UPGRADING to +0 pair of boots.
  5169 | D:4      | 5169 ||| READING scroll labelled KINWEN HOIV.
  5170 | D:4      | 5170 ||| DRINKING 2 black potions.
  5171 | D:4      | 5171 ||| READING 2 scrolls of identify.
  5171 | D:4      | 5171 ||| IDENTIFYING sedimented white potion
  5213 | D:5      | Entered Level 5 of the Dungeon
  5267 | D:5      | 5267 ||| Stepping ~*~*~tactically~*~*~ (stealth).
  5279 | D:5      | 5279 ||| FLEEEEING.
  5281 | D:5      | 5281 ||| FLEEEEING.
  5288 | D:5      | Reached skill level 3 in Armour
  5549 | D:5      | Found a staircase to the Ecumenical Temple.
  5645 | D:5      | 5645 ||| READING scroll of enchant weapon.
  5645 | D:5      | 5645 ||| ENCHANTING +1 war axe.
  5801 | D:5      | 5801 ||| INVOKING Fiery Armour.
  5812 | D:5      | Reached XP level 8. HP: 59/60 MP: 9/9
  5816 | D:5      | Reached skill level 8 in Axes
  6038 | D:5      | 6038 ||| UPGRADING to +0 buckler.
  6170 | D:6      | 6170 ||| Stepping ~*~*~tactically~*~*~ (hiding).
  6179 | D:6      | 6179 ||| INVOKING Fiery Armour.
  6180 | D:6      | Reached skill level 3 in Shields
  6183 | D:6      | 6183 ||| FLEEEEING.
  6184 | D:6      | 6184 ||| FLEEEEING.
  6185 | D:6      | 6185 ||| FLEEEEING.
  6186 | D:6      | 6186 ||| FLEEEEING.
  6187 | D:6      | 6187 ||| FLEEEEING.
  6188 | D:6      | 6188 ||| FLEEEEING.
  6189 | D:6      | 6189 ||| FLEEEEING.
  6190 | D:6      | 6190 ||| FLEEEEING.
  6191 | D:6      | 6191 ||| FLEEEEING.
  6192 | D:6      | 6192 ||| FLEEEEING.
  6193 | D:6      | 6193 ||| FLEEEEING.
  6194 | D:6      | 6194 ||| FLEEEEING.
  6195 | D:6      | 6195 ||| FLEEEEING.
  6196 | D:6      | 6196 ||| FLEEEEING.
  6197 | D:6      | 6197 ||| FLEEEEING.
  6198 | D:6      | 6198 ||| FLEEEEING.
  6199 | D:6      | 6199 ||| FLEEEEING.
  6200 | D:6      | 6200 ||| FLEEEEING.
  6201 | D:6      | 6201 ||| FLEEEEING.
  6202 | D:6      | 6202 ||| STAIRDANCE
  6389 | D:6      | Found a basalt altar of Yredelemnul.
  6469 | D:6      | 6469 ||| Stepping ~*~*~tactically~*~*~ (stealth).
  6570 | D:6      | 6570 ||| Stepping ~*~*~tactically~*~*~ (stealth).
  6612 | D:6      | 6612 ||| FLEEEEING.
  6613 | D:6      | 6613 ||| FLEEEEING.
  6614 | D:6      | 6614 ||| FLEEEEING.
  6619 | D:6      | 6619 ||| FLEEEEING.
  6620 | D:6      | 6620 ||| FLEEEEING.
  6621 | D:6      | 6621 ||| FLEEEEING.
  6622 | D:6      | 6622 ||| FLEEEEING.
  6623 | D:6      | 6623 ||| FLEEEEING.
  6624 | D:6      | 6624 ||| FLEEEEING.
  6625 | D:6      | 6625 ||| FLEEEEING.
  6626 | D:6      | 6626 ||| FLEEEEING.
  6627 | D:6      | 6627 ||| FLEEEEING.
  6628 | D:6      | 6628 ||| FLEEEEING.
  6629 | D:6      | 6629 ||| FLEEEEING.
  6630 | D:6      | 6630 ||| FLEEEEING.
  6638 | D:6      | 6638 ||| FLEEEEING.
  6644 | D:6      | 6644 ||| FLEEEEING.
  6645 | D:6      | 6645 ||| FLEEEEING.
  6646 | D:6      | 6646 ||| FLEEEEING.
  6647 | D:6      | 6647 ||| FLEEEEING.
  6648 | D:6      | 6648 ||| FLEEEEING.
  6653 | D:6      | 6653 ||| STAIRDANCE
  6759 | D:6      | 6759 ||| Stepping ~*~*~tactically~*~*~ (hiding).
  6859 | D:6      | Found a transporter.
  6859 | D:6      | Noticed qw's ghost (novice TrCA)
  6862 | D:6      | Identified the +9 great mace of the Mosquito {freeze,
                  | Contam Dex+5 SInv}
  6862 | D:6      | Noticed a two-headed ogre
  6885 | D:6      | 6885 ||| INVOKING Fiery Armour.
  6897 | D:6      | Reached XP level 9. HP: 49/68 MP: 10/10
  6989 | D:6      | Found a transporter.
  7022 | D:6      | Found a sparkling altar of Nemelex Xobeh.
  7280 | D:6      | 7280 ||| READING 3 scrolls labelled ILUOSCHO RINY.
  7281 | D:6      | 7281 ||| READING scroll labelled JIDWE JUMES.
  7282 | D:6      | 7282 ||| DROPPING -1 hand axe of flaming.
  7283 | D:6      | 7283 ||| DRINKING 2 green potions.
  7283 | D:6      | Gained mutation: Your body sometimes deteriorates upon
                  | taking damage. [potion of mutation]
  7283 | D:6      | Gained mutation: You are frail. (-10% HP) [potion of
                  | mutation]
  7283 | D:6      | Lost mutation: You are frail. (-10% HP) [potion of
                  | mutation]
  7283 | D:6      | Gained mutation: Your spells are a little harder to cast,
                  | but a little more powerful. [potion of mutation]
  7315 | D:6      | 7315 ||| DROPPING 2 scrolls of fog.
  7373 | D:7      | Found an iron altar of Okawaru.
  7374 | D:7      | 7374 ||| PLANNING OSSUARY
  7377 | D:7      | Reached skill level 1 in Throwing
  7415 | D:7      | 7415 ||| Stepping ~*~*~tactically~*~*~ (hiding).
  7428 | D:7      | Reached skill level 3 in Throwing
  7520 | D:7      | Reached skill level 9 in Axes
  7569 | D:7      | 7569 ||| READING scroll of enchant weapon.
  7569 | D:7      | 7569 ||| ENCHANTING +2 war axe of flaming.
  7593 | D:7      | Reached skill level 6 in Fighting
  7747 | D:7      | Found a flagged portal.
  7812 | D:7      | 7812 ||| Stepping ~*~*~tactically~*~*~ (stealth).
  7814 | D:7      | 7814 ||| Stepping ~*~*~tactically~*~*~ (stealth).
  7819 | D:7      | 7819 ||| INVOKING Fiery Armour.
  7853 | D:7      | 7853 ||| FLEEEEING.
  7856 | D:7      | 7856 ||| Stepping ~*~*~tactically~*~*~ (hiding).
  7859 | D:7      | Reached skill level 10 in Axes
  8236 | D:7      | 8236 ||| RIP OSSUARY
  8236 | D:7      | 8236 ||| PLANNING D:1-11
  8236 | D:7      | 8236 ||| UPGRADING to +0 plate armour.
  8246 | D:7      | 8246 ||| DROPPING +0 chain mail.
  8247 | D:7      | 8247 ||| READING scroll labelled XUOVIR IT BOCK.
  8248 | D:7      | 8248 ||| READING scroll labelled LOONYD HUREUT.
  8270 | D:8      | 8270 ||| STAIRDANCE
  8275 | D:8      | 8275 ||| STAIRDANCE
  8277 | D:7      | 8277 ||| INVOKING Fiery Armour.
  8294 | D:8      | 8294 ||| STAIRDANCE
  8299 | D:7      | Reached XP level 10. HP: 40/77 MP: 11/11
  8469 | D:8      | 8469 ||| STAIRDANCE
  8564 | D:8      | 8564 ||| STAIRDANCE
  8624 | D:8      | 8624 ||| STAIRDANCE
  8631 | D:7      | 8631 ||| INVOKING Fiery Armour.
  8636 | D:7      | Reached skill level 11 in Axes
  8637 | D:7      | HP: 18/79 [poisoned by a killer bee]
  8642 | D:7      | HP: 14/79 [poisoned by a killer bee]
  8934 | D:8      | 8934 ||| STAIRDANCE
  8990 | D:8      | 8990 ||| STAIRDANCE
  9098 | D:8      | 9098 ||| STAIRDANCE
  9138 | D:8      | 9138 ||| STAIRDANCE
  9180 | D:8      | 9180 ||| STAIRDANCE
  9182 | D:7      | 9182 ||| INVOKING Fiery Armour.
  9182 | D:7      | HP: 18/74 [wight/+0 dire flail (5)]
  9182 | D:7      | HP: 3/74 [wight/+4 long sword (15)]
  9183 | D:7      | 9183 ||| DRINKING potion of heal wounds.
  9187 | D:7      | Reached skill level 6 in Armour
  9396 | D:8      | 9396 ||| STAIRDANCE
  9437 | D:7      | 9437 ||| READING 2 scrolls of identify.
  9437 | D:7      | 9437 ||| IDENTIFYING glowing green potion
  9438 | D:7      | 9438 ||| DROPPING potion of attraction.
  9442 | D:8      | 9442 ||| STAIRDANCE
  9530 | D:8      | 9530 ||| STAIRDANCE
  9590 | D:8      | 9590 ||| STAIRDANCE
  9685 | D:8      | 9685 ||| Stepping ~*~*~tactically~*~*~ (hiding).
  9686 | D:8      | 9686 ||| Stepping ~*~*~tactically~*~*~ (hiding).
  9756 | D:8      | 9756 ||| Stepping ~*~*~tactically~*~*~ (stealth).
  9758 | D:8      | 9758 ||| Stepping ~*~*~tactically~*~*~ (stealth).
  9759 | D:8      | 9759 ||| Stepping ~*~*~tactically~*~*~ (stealth).
  9762 | D:8      | 9762 ||| Stepping ~*~*~tactically~*~*~ (stealth).
  9767 | D:8      | 9767 ||| INVOKING Fiery Armour.
 10117 | D:8      | Found a staircase to the Lair.
 10153 | D:8      | Found a transporter.
 10163 | D:8      | Noticed qw's ghost (novice TeWr)
 10164 | D:8      | Noticed a moth of wrath
 10177 | D:8      | Found a transporter.
 10318 | D:8      | 10318 ||| FLEEEEING.
 10319 | D:8      | 10319 ||| FLEEEEING.
 10320 | D:8      | 10320 ||| FLEEEEING.
 10321 | D:8      | 10321 ||| FLEEEEING.
 10322 | D:8      | 10322 ||| FLEEEEING.
 10324 | D:8      | 10324 ||| FLEEEEING.
 10325 | D:8      | 10325 ||| FLEEEEING.
 10326 | D:8      | 10326 ||| FLEEEEING.
 10327 | D:8      | 10327 ||| FLEEEEING.
 10328 | D:8      | 10328 ||| FLEEEEING.
 10477 | D:8      | Noticed a deep elf pyromancer
 10483 | D:8      | Killed a deep elf pyromancer
 10621 | D:8      | 10621 ||| PLANNING LAIR
 10621 | D:8      | 10621 ||| READING 3 scrolls of identify.
 10621 | D:8      | 10621 ||| IDENTIFYING bubbling orange potion
 10622 | D:8      | 10622 ||| DROPPING potion of brilliance.
 10664 | Lair:1   | Entered Level 1 of the Lair of Beasts
 10664 | Lair:1   | Noticed a komodo dragon
 10670 | Lair:1   | Killed a komodo dragon
 10671 | Lair:1   | Reached skill level 6 in Shields
 10963 | Lair:1   | Noticed a cane toad
 10966 | Lair:1   | 10966 ||| Stepping ~*~*~tactically~*~*~ (stealth).
 10972 | Lair:1   | 10972 ||| INVOKING Fiery Armour.
 10974 | Lair:1   | Killed a cane toad
 10975 | Lair:1   | Reached XP level 11. HP: 40/87 MP: 12/12
 10984 | Lair:1   | HP: 21/87 [poisoned by a water moccasin]
 11346 | Lair:1   | 11346 ||| Stepping ~*~*~tactically~*~*~ (stealth).
 11357 | Lair:1   | Reached skill level 12 in Axes
 11933 | Lair:1   | 11933 ||| READING 3 scrolls of identify.
 11933 | Lair:1   | 11933 ||| IDENTIFYING fuming golden potion
 11934 | Lair:1   | 11934 ||| DROPPING potion of degeneration.
 11982 | Lair:2   | 11982 ||| Stepping ~*~*~tactically~*~*~ (stealth).
 11989 | Lair:2   | 11989 ||| INVOKING Fiery Armour.
 12211 | Lair:2   | 12211 ||| PLANNING CONVERSION TO OKAWARU
 12334 | D:7      | 12334 ||| PLANNING D:1-11
 12334 | D:7      | 12334 ||| DROPPING amulet of magic regeneration.
 12341 | D:6      | 12341 ||| Stepping randomly (stuck).
 12342 | D:6      | 12342 ||| PLANNING LAIR
 12488 | Lair:2   | Noticed qw's ghost (journeyman TrCA)
 12542 | Lair:2   | Found a runed translucent door.
 12968 | Lair:2   | Reached skill level 13 in Axes
 13251 | Lair:2   | 13251 ||| UPGRADING to +0 kite shield.
 13261 | Lair:2   | 13261 ||| DROPPING +0 buckler.
 13272 | Lair:3   | 13272 ||| STAIRDANCE
 13337 | Lair:3   | 13337 ||| Stepping ~*~*~tactically~*~*~ (stealth).
 13338 | Lair:3   | 13338 ||| Stepping ~*~*~tactically~*~*~ (stealth).
 13361 | Lair:3   | HP: 19/87 [blink frog (13)]
 13369 | Lair:3   | Reached skill level 9 in Shields
 13378 | Lair:3   | 13378 ||| FLEEEEING.
 13379 | Lair:3   | 13379 ||| FLEEEEING.
 13380 | Lair:3   | HP: 7/87 [blink frog (7)]
 13382 | Lair:3   | 13382 ||| STAIRDANCE
 13768 | Lair:3   | Noticed an elephant
 13769 | Lair:3   | Noticed an elephant
 13770 | Lair:3   | 13770 ||| Stepping ~*~*~tactically~*~*~ (stealth).
 13773 | Lair:3   | Noticed an elephant
 13774 | Lair:3   | 13774 ||| Stepping ~*~*~tactically~*~*~ (stealth).
 13780 | Lair:3   | Killed an elephant
 13781 | Lair:3   | Reached XP level 12. HP: 62/94 MP: 13/13
 13810 | Lair:3   | 13810 ||| FLEEEEING.
 13811 | Lair:3   | 13811 ||| FLEEEEING.
 13812 | Lair:3   | 13812 ||| FLEEEEING.
 13813 | Lair:3   | 13813 ||| FLEEEEING.
 13814 | Lair:3   | 13814 ||| FLEEEEING.
 13815 | Lair:3   | 13815 ||| FLEEEEING.
 13822 | Lair:3   | 13822 ||| FLEEEEING.
 13823 | Lair:3   | 13823 ||| FLEEEEING.
 13824 | Lair:3   | 13824 ||| FLEEEEING.
 13826 | Lair:3   | 13826 ||| FLEEEEING.
 13827 | Lair:3   | 13827 ||| FLEEEEING.
 13829 | Lair:3   | 13829 ||| FLEEEEING.
 13830 | Lair:3   | 13830 ||| STAIRDANCE
 13935 | Lair:2   | 13935 ||| READING 5 scrolls of identify.
 13935 | Lair:2   | 13935 ||| IDENTIFYING fizzy white potion
 13936 | Lair:2   | 13936 ||| DROPPING potion of berserk rage.
 14070 | Lair:3   | 14070 ||| FLEEEEING.
 14071 | Lair:3   | 14071 ||| FLEEEEING.
 14073 | Lair:3   | 14073 ||| FLEEEEING.
 14074 | Lair:3   | 14074 ||| FLEEEEING.
 14075 | Lair:3   | 14075 ||| FLEEEEING.
 14076 | Lair:3   | 14076 ||| FLEEEEING.
 14077 | Lair:3   | 14077 ||| STAIRDANCE
 14217 | Lair:3   | Found a hole to the Spider Nest.
 14461 | Lair:3   | Reached skill level 9 in Fighting
 14532 | Lair:3   | 14532 ||| FLEEEEING.
 14533 | Lair:3   | 14533 ||| FLEEEEING.
 14540 | Lair:3   | 14540 ||| STAIRDANCE
 14651 | Lair:2   | 14651 ||| DROPPING ring of magical power.
 14652 | Lair:2   | 14652 ||| READING scroll labelled HASYNODIOT.
 14824 | Lair:3   | 14824 ||| FLEEEEING.
 14962 | Lair:3   | 14962 ||| Stepping ~*~*~tactically~*~*~ (stealth).
 14964 | Lair:3   | 14964 ||| Stepping ~*~*~tactically~*~*~ (hiding).
 15127 | Lair:3   | 15127 ||| READING scroll of enchant armour.
 15127 | Lair:3   | 15127 ||| ENCHANTING +0 pair of boots.
 15135 | Lair:3   | HP: 14/95 [oklob plant/splash of acid (16)]
 15136 | Lair:3   | Killed from afar by an oklob plant

Levels and vault maps discovered:
D:1:      tarquinn_simple_flora_water_d, layout_basic, basic_ecumenical_altar
D:2:      layout_loops_corners, grunt_ministairs_12
D:3:      layout_rooms, serial_shops, shop_fountains, cheibrodos_gnoll_hut,
          uniq_natasha
D:4:      layout_rooms, nicolae_overflow_hidden_temple,
          lemuel_coloured_pillars_altar, chei_slow_surprise
D:5:      lemuel_ratsnest, layout_cave_pools, minmay_temple_entry_offerings
D:6:      layout_loops_ring, nemelex_xobeh_ov_fountains_minmay,
          mainiacjoe_overflow_cross_hatched, gammafunk_ghost_smash, st_stairs_7
D:7:      layout_basic, okawaru_metal_pillars_1_2,
          nicolae_ossuary_entry_catacombs, enter_bailey_5, minmay_fountain_box
D:8:      layout_cave_pools, gammafunk_ghost_berserking_beasts,
          guppyfry_early_elven_hall
Lair:1:   layout_hall_layers, patterned_corridor, infiniplex_staircase_pool
Lair:2:   layout_gridlike, hellmonk_ghost_happy_afterlife
Lair:3:   layout_roguey, elwin_shoals_entry_rocks,
          nicolae_spider_entry_non_spiders, dpeg_oklob_1, lemuel_fruit_fields

Skill      XL: |  1  2  3  4  5  6  7  8  9 10 11 12 |
---------------+-------------------------------------+-----
Axes           | 4 5 6 7 8 10 11 13 | 13.5
Dodging        | 1 2 |  2.3
Armour         | 1 2 3 4 6 7 |  7.2
Fighting       | 4 5 6 8 9 |  9.0
Shields        | 4 5 6 10 11 | 11.0
Throwing       | 3 4 |  4.0
Spellcasting   | |  1.1
Fire Magic     | |  3.0

Action                   |  1- 3 |  4- 6 |  7- 9 | 10-12 || total
-------------------------+-------+-------+-------+-------++-------
Melee: Hand axe          |    97 |   134 |       |       ||   231
       Punch             |     1 |     3 |     2 |       ||     6
       War axe           |       |    68 |   313 |   293 ||   674
Throw: Javelin           |       |       |    10 |    72 ||    82
       Boomerang         |       |       |       |     3 ||     3
Invok: Fiery Armour      |       |     3 |     5 |     5 ||    13
  Use: Scroll            |     3 |     4 |     8 |     6 ||    21
       Potion            |       |     1 |     2 |     1 ||     4
Armor: Robe              |    10 |       |       |       ||    10
       Ring mail         |     8 |    35 |       |       ||    43
       Chain mail        |       |    78 |   138 |       ||   216
       Plate armour      |       |       |    21 |   159 ||   180
Dodge: Dodged            |    50 |    83 |   100 |    92 ||   325
Block: Buckler           |       |       |    39 |    38 ||    77
       Kite shield       |       |       |       |    55 ||    55

Table legend:
 A = Non-vault XP
 B = Vault XP
 C = Vault XP percentage of total XP
 D = Non-vault monster count
 E = Vault monster count
 F = Vault count percentage of total count
                 A         B        C        D         E       F
            +---------+---------+-------+---------+---------+-------
      Total |   18823 |    1743 |   8.5 |     263 |      54 |  17.0
            +---------+---------+-------+---------+---------+-------
        D:1 |      57 |       0 |   0.0 |      29 |       0 |   0.0
        D:2 |      87 |       4 |   4.4 |      20 |       2 |   9.1
        D:3 |     159 |     141 |  47.0 |      18 |       4 |  18.2
        D:4 |     317 |       0 |   0.0 |      26 |       0 |   0.0
        D:5 |     206 |     221 |  51.8 |      13 |      28 |  68.3
        D:6 |     731 |      88 |  10.7 |      21 |       1 |   4.5
        D:7 |    3364 |     340 |   9.2 |      58 |      10 |  14.7
        D:8 |     554 |     605 |  52.2 |      21 |       1 |   4.5
     Lair:1 |    2574 |       0 |   0.0 |      15 |       0 |   0.0
     Lair:2 |    3020 |       0 |   0.0 |      14 |       0 |   0.0
     Lair:3 |    7754 |     344 |   4.2 |      28 |       8 |  22.2
            +---------+---------+-------+---------+---------+-------
